| TOP OF THE 1ST |
|
Washington State University Cougars batting - Pitching for University of Illinois Fighting Illini : RHP Victor Altagracia
|
|
Pitching: RHP Victor Altagracia
|
|
|
Batting: LHB David Jackson
|
0-0: Ball 1-0: Foul Ball, location: 2F 1-1: Called Strike 1-2: Ball 2-2: Ball 3-2: Strikes out swinging
|
|
Batting: RHB Mas Langat
|
0-0: Ground out 5-3 (Groundball, 56, EV 90.6 MPH)
|
|
Batting: LHB Scott Spillers
|
0-0: Ball 1-0: Called Strike 1-1: Ground out 4-3 (Groundball, 4, EV 86.9 MPH)
|
| Top of the 1st over - 0 runs, 0 hits, 0 errors, 0 left on base; Washington State University 0 - University of Illinois 0 |
| BOTTOM OF THE 1ST |
|
University of Illinois Fighting Illini batting - Pitching for Washington State University Cougars : RHP Briruc Fenuku
|
|
Pitching: RHP Briruc Fenuku
|
|
|
Batting: SHB Dan Strickland
|
0-0: Called Strike 0-1: Swinging Strike 0-2: Ball 1-2: Strikes out looking
|
|
Batting: RHB Lance Borgen
|
0-0: Ground out 4-3 (Groundball, 4S, EV 88.8 MPH)
|
|
Batting: RHB Caleb Dean
|
0-0: Fly out, F8 (Flyball, 8RM, EV 79.4 MPH)
|
| Bottom of the 1st over - 0 runs, 0 hits, 0 errors, 0 left on base; Washington State University 0 - University of Illinois 0 |
| TOP OF THE 2ND |
|
Washington State University Cougars batting - Pitching for University of Illinois Fighting Illini : RHP Victor Altagracia
|
|
Batting: SHB Juan Delanoval
|
0-0: Foul Ball, location: 2F 0-1: Ground out 4-3 (Groundball, 4, EV 84.4 MPH)
|
|
Batting: LHB Israel Ariza
|
0-0: Ball 1-0: Ball 2-0: Foul Ball, location: 2F 2-1: SOLO HOME RUN (Line Drive, 9D, EV 101.9 MPH), Distance : 393 ft
|
|
Batting: RHB Ryan Toth
|
0-0: Called Strike 0-1: Ball 1-1: SINGLE (Groundball, 4MS, EV 71.2 MPH) (infield hit)
|
|
Batting: RHB Ron Essink
|
0-0: Fielders Choice at 2nd, 6-4 (Groundball, 6, EV 103.1 MPH)
|
|
Batting: RHB Joe Weber
|
0-0: Foul Ball, location: 2F 0-1: Foul Ball, location: 2F 0-2: Ground out 1-3 (Groundball, 13S, EV 54.4 MPH)
|
| Top of the 2nd over - 1 run, 2 hits, 0 errors, 1 left on base; Washington State University 1 - University of Illinois 0 |
| BOTTOM OF THE 2ND |
|
University of Illinois Fighting Illini batting - Pitching for Washington State University Cougars : RHP Briruc Fenuku
|
|
Batting: RHB Roger Whitaker
|
0-0: Ball 1-0: Swinging Strike 1-1: Ball 2-1: Foul Ball, location: 2F 2-2: DOUBLE (Line Drive, 3D, EV 95.6 MPH)
|
|
Batting: SHB Bernie Gallegos
|
0-0: Ball 1-0: Foul Ball, location: 2F 1-1: Called Strike 1-2: Strikes out looking
|
|
Batting: LHB Mike Murphy
|
0-0: Ground out 5-3 (Groundball, 56S, EV 83.1 MPH)
|
|
Batting: RHB Damien Blot
|
0-0: Ball 1-0: Ball 2-0: Called Strike 2-1: Fly out, F7 (Line Drive, 7LS, EV 100.6 MPH)
|
| Bottom of the 2nd over - 0 runs, 1 hit, 0 errors, 1 left on base; Washington State University 1 - University of Illinois 0 |
| TOP OF THE 3RD |
|
Washington State University Cougars batting - Pitching for University of Illinois Fighting Illini : RHP Victor Altagracia
|
|
Batting: RHB Briruc Fenuku
|
0-0: Foul Ball, location: 2F 0-1: Fly out, F8 (Flyball, 89S, EV 90.6 MPH)
|
|
Batting: LHB David Jackson
|
0-0: Called Strike 0-1: Fly out, F8 (Line Drive, 8RS, EV 97.5 MPH)
|
|
Batting: RHB Mas Langat
|
0-0: Ball 1-0: Ball 2-0: Ball 3-0: Base on Balls
|
|
Batting: LHB Scott Spillers
|
0-0: Called Strike 0-1: Called Strike 0-2: Ground out 4-3 (Groundball, 4, EV 79.4 MPH)
|
| Top of the 3rd over - 0 runs, 0 hits, 0 errors, 1 left on base; Washington State University 1 - University of Illinois 0 |
| BOTTOM OF THE 3RD |
|
University of Illinois Fighting Illini batting - Pitching for Washington State University Cougars : RHP Briruc Fenuku
|
|
Batting: LHB Matt Highfill
|
0-0: Called Strike 0-1: Foul Ball, location: 2F 0-2: SOLO HOME RUN (Flyball, 9LD, EV 91.2 MPH), Distance : 356 ft
|
|
Batting: RHB Hector Flores
|
0-0: Called Strike 0-1: Called Strike 0-2: Ball 1-2: Strikes out looking
|
|
Batting: SHB Dan Strickland
|
0-0: Called Strike 0-1: Swinging Strike 0-2: Foul Ball, location: 2F 0-2: Foul Ball, location: 2F 0-2: Ball 1-2: Fly out, F7 (Flyball, 7, EV 86.2 MPH)
|
|
Batting: RHB Lance Borgen
|
0-0: Ball 1-0: Called Strike 1-1: Ball 2-1: Swinging Strike 2-2: Strikes out looking
|
| Bottom of the 3rd over - 1 run, 1 hit, 0 errors, 0 left on base; Washington State University 1 - University of Illinois 1 |
| TOP OF THE 4TH |
|
Washington State University Cougars batting - Pitching for University of Illinois Fighting Illini : RHP Victor Altagracia
|
|
Batting: SHB Juan Delanoval
|
0-0: Ground out 5-3 (Groundball, 56S, EV 86.9 MPH)
|
|
Batting: LHB Israel Ariza
|
0-0: Ball 1-0: Ball 2-0: SINGLE (Line Drive, 9S, EV 109.4 MPH)
|
|
Batting: RHB Ryan Toth
|
0-0: Swinging Strike 0-1: Ball 1-1: Foul Ball, location: 2F 1-2: Ball 2-2: SINGLE (Line Drive, 9LS, EV 106.2 MPH) Israel Ariza to second
|
|
Batting: RHB Ron Essink
|
0-0: Called Strike 0-1: Called Strike 0-2: Foul Ball, location: 2F 0-2: Ball 1-2: Ball 2-2: Foul Ball, location: 2F 2-2: Ball 3-2: Fly out, F5 (Popup, 5SF, EV 77.5 MPH)
|
|
Batting: RHB Joe Weber
|
0-0: Foul Ball, location: 2F 0-1: Foul Ball, location: 2F 0-2: Ball 1-2: Fly out, F8 (Flyball, 89M, EV 83.8 MPH)
|
| Top of the 4th over - 0 runs, 2 hits, 0 errors, 2 left on base; Washington State University 1 - University of Illinois 1 |
| BOTTOM OF THE 4TH |
|
University of Illinois Fighting Illini batting - Pitching for Washington State University Cougars : RHP Briruc Fenuku
|
|
Batting: RHB Caleb Dean
|
0-0: Ball 1-0: Ball 2-0: Ball 3-0: Base on Balls
|
|
Batting: RHB Roger Whitaker
|
0-0: Called Strike 0-1: Ball 1-1: Swinging Strike 1-2: Ball 2-2: Strikes out swinging
|
|
Batting: SHB Bernie Gallegos
|
0-0: Ball 1-0: Swinging Strike 1-1: Ball 2-1: Called Strike 2-2: Fly out, F5 (Line Drive, 5L, EV 72.5 MPH)
|
|
Batting: LHB Mike Murphy
|
0-0: Ball 1-0: Swinging Strike 1-1: Called Strike 1-2: Ball 2-2: Foul Ball, location: 2F 2-2: Ball 3-2: Strikes out swinging
|
| Bottom of the 4th over - 0 runs, 0 hits, 0 errors, 1 left on base; Washington State University 1 - University of Illinois 1 |
| TOP OF THE 5TH |
|
Washington State University Cougars batting - Pitching for University of Illinois Fighting Illini : RHP Victor Altagracia
|
|
Batting: RHB Briruc Fenuku
|
0-0: Ball 1-0: Called Strike 1-1: Called Strike 1-2: Fly out, F7 (Flyball, 7, EV 86.9 MPH)
|
|
Batting: LHB David Jackson
|
0-0: Ball 1-0: Swinging Strike 1-1: Swinging Strike 1-2: Foul Ball, location: 2F 1-2: Foul Ball, location: 2F 1-2: Hit by Pitch
|
|
Batting: RHB Mas Langat
|
0-0: Foul Ball, location: 2F 0-1: Called Strike 0-2: Ball 1-2: Fly out, F9 (Flyball, 89M, EV 89.4 MPH)
|
|
Batting: LHB Scott Spillers
|
0-0: Ball 1-0: Called Strike 1-1: Ball 2-1: SINGLE (Flyball, 78S, EV 90.6 MPH) David Jackson to second
|
|
Batting: SHB Juan Delanoval
|
0-0: Fly out, F9 (Flyball, 9S, EV 78.1 MPH)
|
| Top of the 5th over - 0 runs, 1 hit, 0 errors, 2 left on base; Washington State University 1 - University of Illinois 1 |
| BOTTOM OF THE 5TH |
|
University of Illinois Fighting Illini batting - Pitching for Washington State University Cougars : RHP Briruc Fenuku
|
|
Batting: RHB Damien Blot
|
0-0: Ball 1-0: Ball 2-0: Ball 3-0: Called Strike 3-1: Base on Balls
|
|
Batting: LHB Matt Highfill
|
0-0: Called Strike 0-1: Grounds into double play, 6-4-3 (Groundball, 56, EV 83.1 MPH)
|
|
Batting: RHB Hector Flores
|
0-0: DOUBLE (Line Drive, 8LXD, EV 108.1 MPH)
|
|
Batting: SHB Dan Strickland
|
0-0: Ball 1-0: Ball 2-0: Ball 3-0: Called Strike 3-1: Called Strike 3-2: Foul Ball, location: 2F 3-2: Ground out 4-3 (Groundball, 4S, EV 75.0 MPH)
|
| Bottom of the 5th over - 0 runs, 1 hit, 0 errors, 1 left on base; Washington State University 1 - University of Illinois 1 |
| TOP OF THE 6TH |
|
Washington State University Cougars batting - Pitching for University of Illinois Fighting Illini : RHP Victor Altagracia
|
|
Batting: LHB Israel Ariza
|
0-0: Ball 1-0: Called Strike 1-1: Reached on error, E4 (Groundball, 4S, EV 83.1 MPH)
|
|
Batting: RHB Ryan Toth
|
0-0: Ball 1-0: Called Strike 1-1: Ball 2-1: Ball 3-1: Called Strike 3-2: Foul Ball, location: 2F 3-2: Reached on error, E6 (Groundball, 6M, EV 102.5 MPH) Israel Ariza to third
|
|
Batting: RHB Ron Essink
|
0-0: Ball 1-0: Ground out 4-3 (Groundball, 4S, EV 68.8 MPH) Israel Ariza scores Ryan Toth to second
|
|
Batting: RHB Joe Weber
|
0-0: Ball 1-0: Called Strike 1-1: Ball 2-1: Swinging Strike 2-2: Foul Ball, location: 2F 2-2: Fly out, F6 (Line Drive, 6, EV 68.8 MPH)
|
|
Pitching: RHP Bryan Schauman
|
|
|
Batting: RHB Briruc Fenuku
|
0-0: Called Strike 0-1: Fly out, F9 (Flyball, 9LS, EV 82.5 MPH)
|
| Top of the 6th over - 1 run, 0 hits, 2 errors, 1 left on base; Washington State University 2 - University of Illinois 1 |
| BOTTOM OF THE 6TH |
|
University of Illinois Fighting Illini batting - Pitching for Washington State University Cougars : RHP Briruc Fenuku
|
|
Batting: RHB Lance Borgen
|
0-0: Ball 1-0: Ground out 6-3 (Groundball, 6, EV 87.5 MPH)
|
|
Batting: RHB Caleb Dean
|
0-0: Ball 1-0: Ball 2-0: Ball 3-0: Called Strike 3-1: Ground out 6-3 (Groundball, 6, EV 105.6 MPH)
|
|
Batting: RHB Roger Whitaker
|
0-0: Ball 1-0: Ground out 1-3 (Groundball, 13, EV 63.8 MPH)
|
| Bottom of the 6th over - 0 runs, 0 hits, 0 errors, 0 left on base; Washington State University 2 - University of Illinois 1 |
| TOP OF THE 7TH |
|
Washington State University Cougars batting - Pitching for University of Illinois Fighting Illini : RHP Bryan Schauman
|
|
Batting: LHB David Jackson
|
0-0: Called Strike 0-1: Fly out, F8 (Flyball, 8LD, EV 78.8 MPH)
|
|
Batting: RHB Mas Langat
|
0-0: DOUBLE (Line Drive, 7D, EV 92.5 MPH)
|
|
Batting: LHB Scott Spillers
|
0-0: 2-RUN HOME RUN (Flyball, 78XD, EV 113.1 MPH), Distance : 434 ft
|
|
Batting: SHB Juan Delanoval
|
0-0: Called Strike 0-1: Foul Ball, location: 2F 0-2: Ball 1-2: Ball 2-2: Strikes out swinging
|
|
Batting: LHB Israel Ariza
|
0-0: Fly out, F8 (Line Drive, 8RM, EV 100.6 MPH)
|
| Top of the 7th over - 2 runs, 2 hits, 0 errors, 0 left on base; Washington State University 4 - University of Illinois 1 |
| BOTTOM OF THE 7TH |
|
University of Illinois Fighting Illini batting - Pitching for Washington State University Cougars : RHP Briruc Fenuku
|
|
Pitching: RHP Joaquin Adame
|
|
|
Batting: SHB Bernie Gallegos
|
0-0: Ball 1-0: SINGLE (Flyball, 8RS, EV 86.2 MPH)
|
|
Batting: LHB Mike Murphy
|
0-0: Called Strike 0-1: Foul Ball, location: 2F 0-2: Foul Ball, location: 2F 0-2: Foul Ball, location: 2F 0-2: Strikes out looking
|
|
Batting: RHB Damien Blot
|
0-0: Bunted foul 0-1: Sac Bunt to 25 - play at first, batter OUT! 5-3 Bernie Gallegos to second
|
|
Batting: LHB Matt Highfill
|
0-0: SINGLE (Groundball, 34D, EV 95.0 MPH) Bernie Gallegos to third Runner from 3rd tries for Home, SAFE, throw by RF to home
|
|
Batting: RHB Hector Flores
|
0-0: Swinging Strike 0-1: Swinging Strike 0-2: Ball 1-2: 2-RUN HOME RUN (Flyball, 7D, EV 96.2 MPH), Distance : 370 ft
|
|
Pitching: RHP Teddy Barber
|
|
|
Batting: SHB Dan Strickland
|
0-0: Called Strike 0-1: Foul Ball, location: 2F 0-2: Ball 1-2: Fly out, F9 (Flyball, 9S, EV 80.6 MPH)
|
| Bottom of the 7th over - 3 runs, 3 hits, 0 errors, 0 left on base; Washington State University 4 - University of Illinois 4 |
| TOP OF THE 8TH |
|
Washington State University Cougars batting - Pitching for University of Illinois Fighting Illini : RHP Bryan Schauman
|
|
Batting: RHB Ryan Toth
|
0-0: Swinging Strike 0-1: Called Strike 0-2: Foul Ball, location: 2F 0-2: Ball 1-2: Ball 2-2: Fly out, F7 (Flyball, 7D, EV 100.6 MPH)
|
|
Batting: RHB Ron Essink
|
0-0: Ball 1-0: Ball 2-0: Called Strike 2-1: DOUBLE (Groundball, 3L, EV 102.5 MPH)
|
|
Batting: RHB Joe Weber
|
0-0: Ball 1-0: Ball 2-0: Ball 3-0: Called Strike 3-1: Called Strike 3-2: Foul Ball, location: 2F 3-2: SINGLE (Groundball, 6MD, EV 105.0 MPH) Ron Essink to third Runner from 3rd tries for Home, throw by CF and OUT! 8-2
|
|
Batting: RHB Wil Gonzales
|
0-0: Ball 1-0: Fly out, F7 (Flyball, 7D, EV 102.5 MPH)
|
| Top of the 8th over - 0 runs, 2 hits, 0 errors, 1 left on base; Washington State University 4 - University of Illinois 4 |
| BOTTOM OF THE 8TH |
|
University of Illinois Fighting Illini batting - Pitching for Washington State University Cougars : RHP Teddy Barber
|
|
Batting: RHB Lance Borgen
|
0-0: Swinging Strike 0-1: Ball 1-1: Ball 2-1: Ball 3-1: Foul Ball, location: 2F 3-2: Strikes out swinging
|
|
Batting: RHB Caleb Dean
|
0-0: Swinging Strike 0-1: Ball 1-1: Called Strike 1-2: Ball 2-2: Strikes out swinging
|
|
Batting: RHB Roger Whitaker
|
0-0: Ground out U3 (Groundball, 3, EV 103.1 MPH)
|
| Bottom of the 8th over - 0 runs, 0 hits, 0 errors, 0 left on base; Washington State University 4 - University of Illinois 4 |
| TOP OF THE 9TH |
|
Washington State University Cougars batting - Pitching for University of Illinois Fighting Illini : RHP Bryan Schauman
|
|
Pitching: RHP Ross Ledford
|
|
|
Batting: LHB David Jackson
|
0-0: Called Strike 0-1: Foul Ball, location: 2F 0-2: Ball 1-2: Foul Ball, location: 2F 1-2: Fly out, F5 (Popup, 25F, EV 83.1 MPH)
|
|
Batting: RHB Mas Langat
|
0-0: Ball 1-0: Ball 2-0: Called Strike 2-1: Ball 3-1: Ground out 5-3 (Groundball, 56S, EV 83.8 MPH)
|
|
Batting: LHB Scott Spillers
|
0-0: Ball 1-0: Foul Ball, location: 2F 1-1: Foul Ball, location: 2F 1-2: Ball 2-2: Foul Ball, location: 2F 2-2: Ball 3-2: Foul Ball, location: 2F 3-2: SINGLE (Groundball, 25, EV 64.4 MPH) (infield hit)
|
|
Batting: SHB Juan Delanoval
|
0-0: Called Strike 0-1: Called Strike 0-2: Strikes out swinging
|
| Top of the 9th over - 0 runs, 1 hit, 0 errors, 1 left on base; Washington State University 4 - University of Illinois 4 |
| BOTTOM OF THE 9TH |
|
University of Illinois Fighting Illini batting - Pitching for Washington State University Cougars : RHP Teddy Barber
|
|
Pitching: RHP Randolph Batten
|
|
|
Batting: SHB Bernie Gallegos
|
0-0: Ball 1-0: Foul Ball, location: 2F 1-1: Ball 2-1: Called Strike 2-2: Ball 3-2: Base on Balls
|
|
Batting: LHB Mike Murphy
|
0-0: Ball 1-0: Bunted foul 1-1: Sac Bunt to 25 - play at second, runner OUT! 5-6
|
|
Batting: RHB Damien Blot
|
0-0: Sac Bunt to 15 - play at first, batter OUT! 1-3 Mike Murphy to second
|
|
Batting: LHB Matt Highfill
|
0-0: Ball 1-0: Ball 2-0: Swinging Strike 2-1: Swinging Strike 2-2: Foul Ball, location: 2F 2-2: Foul Ball, location: 2F 2-2: Strikes out looking
|
| Bottom of the 9th over - 0 runs, 0 hits, 0 errors, 1 left on base; Washington State University 4 - University of Illinois 4 |
| TOP OF THE 10TH |
|
Washington State University Cougars batting - Pitching for University of Illinois Fighting Illini : RHP Ross Ledford
|
|
Batting: LHB Israel Ariza
|
0-0: Foul Ball, location: 2F 0-1: Fly out, F9 (Flyball, 89XD, EV 84.4 MPH)
|
|
Batting: RHB Ryan Toth
|
0-0: Foul Ball, location: 2F 0-1: Ground out U3 (Groundball, 34, EV 105.6 MPH)
|
|
Batting: RHB Ron Essink
|
0-0: Ball 1-0: Ball 2-0: Ball 3-0: Called Strike 3-1: Foul Ball, location: 2F 3-2: Strikes out looking
|
| Top of the 10th over - 0 runs, 0 hits, 0 errors, 0 left on base; Washington State University 4 - University of Illinois 4 |
| BOTTOM OF THE 10TH |
|
University of Illinois Fighting Illini batting - Pitching for Washington State University Cougars : RHP Randolph Batten
|
|
Pitching: RHP Arthur Scholten
|
|
|
Batting: RHB Hector Flores
|
0-0: Ball 1-0: Foul Ball, location: 2F 1-1: Ball 2-1: Ball 3-1: Called Strike 3-2: Foul Ball, location: 2F 3-2: Base on Balls
|
|
Batting: SHB Dan Strickland
|
0-0: Ball 1-0: Called Strike 1-1: Foul Ball, location: 2F 1-2: Ball Passed Ball! Hector Flores to second 2-2: Ball 3-2: Foul Ball, location: 2F 3-2: Strikes out looking
|
|
Batting: RHB Lance Borgen
|
0-0: Intentional Walk
|
|
Batting: RHB Caleb Dean
|
0-0: Ball 1-0: Ball 2-0: Foul Ball, location: 2F 2-1: Grounds into double play, 6-4-3 (Groundball, 6M, EV 81.2 MPH)
|
| Bottom of the 10th over - 0 runs, 0 hits, 0 errors, 1 left on base; Washington State University 4 - University of Illinois 4 |
| TOP OF THE 11TH |
|
Washington State University Cougars batting - Pitching for University of Illinois Fighting Illini : RHP Ross Ledford
|
|
Pinch Hitting: RHB Rafael Collyer
|
0-0: Ball 1-0: Ball 2-0: Called Strike 2-1: Foul Ball, location: 2F 2-2: Foul Ball, location: 2F 2-2: SINGLE (Line Drive, 34, EV 103.8 MPH)
|
|
Batting: RHB Wil Gonzales
|
0-0: Swinging Strike 0-1: Ball 1-1: Ball 2-1: Foul Ball, location: 2F 2-2: Foul Ball, location: 2F 2-2: Foul Ball, location: 2F 2-2: Strikes out looking
|
|
Batting: LHB David Jackson
|
0-0: Ball 1-0: Swinging Strike 1-1: Ball 2-1: Swinging Strike 2-2: Foul Ball, location: 2F 2-2: Strikes out swinging
|
|
Batting: RHB Mas Langat
|
0-0: Called Strike Rafael Collyer steals 2nd base 0-1: Ball 1-1: Ground out 5-3 (Groundball, 56S, EV 69.4 MPH)
|
| Top of the 11th over - 0 runs, 1 hit, 0 errors, 1 left on base; Washington State University 4 - University of Illinois 4 |
| BOTTOM OF THE 11TH |
|
University of Illinois Fighting Illini batting - Pitching for Washington State University Cougars : RHP Arthur Scholten
|
|
Pitching: RHP Gerbrand Lubbers
|
|
|
Now at C: Dave DeLaMater
|
|
|
Batting: RHB Roger Whitaker
|
0-0: Foul Ball, location: 2F 0-1: Called Strike 0-2: Ball 1-2: Ground out 6-3 (Groundball, 56, EV 102.5 MPH)
|
|
Batting: SHB Bernie Gallegos
|
0-0: Ball 1-0: Ball 2-0: Called Strike 2-1: Called Strike 2-2: Ball 3-2: Base on Balls
|
|
Batting: LHB Mike Murphy
|
0-0: Ball 1-0: SINGLE (Groundball, 34D, EV 103.1 MPH) Bernie Gallegos to second Runner from 2nd tries for 3rd, SAFE, throw by RF made to third
|
|
Batting: RHB Damien Blot
|
0-0: Ball 1-0: Sac Bunt - play at second, runner OUT -> throw to first, DP!
|
| Bottom of the 11th over - 0 runs, 1 hit, 0 errors, 0 left on base; Washington State University 4 - University of Illinois 4 |
|